Description

Blindly go for DTs. Build 6 gates and hit via prism around 4:30-4:45, keep probes queued at both nexus's almost the entire time until fully saturated

Build Order

Get SALT Encoding   

  13  0:18  Pylon  
  15  0:35  Gateway  
  15  0:36  Probe x3 (Chrono Boost)  as soon as pylon is done
  16  0:48  Assimilator  
  19  1:25  Nexus  
  19  1:40  Cybernetics Core  
  19  1:45  Assimilator  
  20  1:46  Probe x2 (Chrono Boost)  queue 2 and chrono, then build pylon
  21  1:52  Pylon  
  21  1:55  Probe  
  22  2:15  Twilight Council  saturate 2nd gas
  23  2:20  Warp Gate  
  28  2:30  Robotics Bay  queue probes - chrono once
  34  2:57  Dark Shrine  queue probes
  38  3:15  Warp Prism (Chrono Boost)  rally to enemy main
  40  3:30  Gateway  
  42  3:35  Gateway  
  42  3:40  Gateway  
  40  3:50  Assimilator  queue/chrono probes
  43  3:53  Assimilator  queue/chrono probes
  44  4:00  Pylon  queue/chrono probes
  46  4:05  Pylon  queue/chrono probes
  46  4:10  Gateway  queue/chrono probes
  46  4:12  Gateway  queue/chrono probes
  46  4:15  Pylon  saturate both gases at 2nd base
  47  4:20  Charge (Chrono Boost)  insurance in case they have detection
Spawning Tool Build Advisor. Get it on Overwolf

Go to:

Details

  • Created by: daveod06
  • Published on: Dec 07, 2023
  • Modified on: May 17, 2024
  • Patch: 5.0.11
  • Difficulty: Medium
Show
View Real Time Build Order
Export as new Build Order

Comments (0)

There are no comments. Be the first!

Create an account to comment!